 Dungeon Crawl Stone Soup version 0.29.0-4-gdea44cf6ec (webtiles) character file.

Game seed: 8816549863412564197

778 qw the Chopper (level 7, 0/44 HPs)
             Began as a Gargoyle Fighter on Sept 8, 2022.
             Slain by a gnoll
             ... wielding a +0 spear
              (4 damage)
             ... on level 5 of the Dungeon.
             The game lasted 00:01:42 (3642 turns).

qw the Chopper (Gargoyle Fighter)                   Turns: 3642, Time: 00:01:43

Health: 0/44       AC: 19    Str: 22    XL:     7   Next: 85%
Magic:  7/7        EV:  7    Int:  8    God:
Gold:   175        SH:  4    Dex:  9    Spells: 6/6 levels left

rFire   . . .      SeeInvis .   Y - +0 war axe (vorpal)
rCold   . . .      Faith    .   c - +0 buckler
rNeg    + + .      Spirit   .   l - +0 chain mail
rPois   inf        Reflect  .   (no helmet)
rElec   +          Harm     .   (no cloak)
rCorr   .          Rampage  .   (no gloves)
Will    .....                   o - +0 pair of boots
Stlth   ..........              (no amulet)
HPRegen 0.14/turn               b - ring of positive energy
MPRegen 0.10/turn               r - +4 ring of protection

@: no status effects
A: sickness immunity, AC +4, negative energy resistance 1, electricity
resistance, torment resistance 1, petrification resistance
a: no special abilities


You were on level 5 of the Dungeon.
You visited 1 branch of the dungeon, and saw 5 of its levels.
You also visited: Sewer.

You collected 175 gold pieces.


Innate Abilities, Weirdness & Mutations

You are immune to sickness and miasma.
Your stone body is resilient. (AC +4)
You are immune to poison.
You resist negative energy. (rN+)
You are resistant to electric shocks. (rElec)
You are resistant to unholy torment.
You are immune to petrification.


   Skills:
 - Level 4.3 Fighting
 + Level 6.8 Axes
 - Level 2.3 Throwing
 - Level 3.2 Armour
 - Level 1.3 Dodging
 - Level 3.2 Shields


You had 6 spell levels left.
You didn't know any spells.
Your spell library was empty.

Inventory:

Hand Weapons
 p - a +0 flail
 Y - a +0 vorpal war axe (weapon)
Missiles
 m - 5 boomerangs (quivered)
Armour
 c - a +0 buckler (worn)
 l - a +0 chain mail (worn)
 o - a +0 pair of boots (worn)
Jewellery
 b - a ring of positive energy (left hand)
 r - a +4 ring of protection (right hand)
Scrolls
 a - a scroll of identify
 n - a scroll of blinking
Potions
 d - a potion of might
 g - a potion of lignification
 j - a potion of flight {unknown}
 s - a potion of haste {unknown}

Dungeon Overview and Level Annotations

Branches:
Dungeon (5/15)              Sewer (visited)
 Temple: D:4-7

Altars:
Elyvilon
Makhleb
Nemelex Xobeh
Qazlal
The Shining One


Message History

The gnoll hits you from afar with a +0 spear!
The phantom barely misses you.
You barely miss the iguana.
The iguana is severely wounded.
You hit the gnoll but do no damage. You hit the phantom.
You block the gnoll's attack.
The gnoll hits you from afar with a +0 spear.
You block the iguana's attack.
The phantom hits you but does no damage.
You hit the iguana.
You kill the iguana!
You hit the phantom. You hit the gnoll.
You kill the gnoll!
The gnoll closely misses you.
The phantom hits you but does no damage.
You closely miss the phantom.
The phantom is heavily damaged.
The gnoll hits you but does no damage.
The phantom hits you but does no damage.
The gnoll hits you but does no damage. The phantom hits you.
The phantom blinks!
You blink.
Found a stone staircase leading down.
You completely miss the phantom.
The phantom is heavily damaged.
You block the phantom's attack.
You slash the phantom!
You destroy the phantom!
The gnoll hits you but does no damage. The gnoll hits you but does no damage.
You hit the gnoll but do no damage. The gnoll barely misses you.
You hit the gnoll but do no damage. The gnoll hits you but does no damage.
You barely miss the gnoll. The gnoll hits you with a +0 spear.
You barely miss the gnoll. The gnoll hits you with a +0 spear.
The gnoll hits you but does no damage.
You hit the gnoll.
The gnoll is heavily wounded.
The gnoll hits you with a +0 spear.
You die...

..... ...>..
...... ......
###......
#..........
#.........
#...(....
#@.......
#.g..$.##
#......#
#...)%.####.
#..%........
####...)..#####
.......<.......
....#####.#####
... .#


You could see a gnoll.

Vanquished Creatures
  Pargi (Sewer)
  2 phantoms
  A scorpion (D:5)
  2 necrophages (D:4)
  A gnoll sergeant (D:4)
  3 iguanas
  An orc wizard (D:3)
  A hound skeleton (D:4)
  6 adders
  6 gnolls
  3 dart slugs
  7 orcs
  5 ball pythons
  5 endoplasms
  5 giant cockroaches
  8 goblins
  5 hobgoblins
  4 quokkas
  6 bats
  3 frilled lizards
  8 kobolds
  5 rats
88 creatures vanquished.

Vanquished Creatures (others)
  7 plants
7 creatures vanquished.

Grand Total: 95 creatures vanquished

Notes
Turn   | Place    | Note
-------+----------+-------------------------------------------
     0 | D:1      | qw the Gargoyle Fighter began the quest for the Orb.
     0 | D:1      | Reached XP level 1. HP: 14/14 MP: 1/1
     0 | D:1      | 0 ||| qw: Version: 0.1-a-112-g44dc6cd
     0 | D:1      | 0 ||| qw: Game counter: 6858
     0 | D:1      | 0 ||| qw: Always use a shield: true
     0 | D:1      | 0 ||| qw: God list: Okawaru
     0 | D:1      | 0 ||| qw: Allow faded altars: false
     0 | D:1      | 0 ||| qw: Do Orc after D:15 true
     0 | D:1      | 0 ||| qw: Do second Lair branch before Depths: true
     0 | D:1      | 0 ||| qw: Lair rune preference: random
     0 | D:1      | 0 ||| qw: Plans: Normal, Zot, God:TSO, Crypt, Tomb, Zig,
                  | Orb
     0 | D:1      | 0 ||| PLANNING D:1-11
    32 | D:1      | 32 ||| Stepping ~*~*~tactically~*~*~ (stealth).
    34 | D:1      | 34 ||| Stepping ~*~*~tactically~*~*~ (stealth).
    45 | D:1      | Reached skill level 2 in Axes
   260 | D:1      | Reached XP level 2. HP: 14/19 MP: 2/2
   360 | D:1      | 360 ||| Stepping ~*~*~tactically~*~*~ (stealth).
   454 | D:1      | Found a faded altar of an unknown god.
   829 | D:1      | Reached skill level 3 in Axes
   849 | D:1      | 849 ||| UPGRADING to ring of positive energy.
   850 | D:1      | 850 ||| UPGRADING to ring of positive energy.
   851 | D:1      | 851 ||| READING 2 scrolls labelled GETILU LI ARIA.
   852 | D:1      | 852 ||| READING scroll labelled APLIUC GIDGHE.
   882 | D:2      | 882 ||| Stepping ~*~*~tactically~*~*~ (stealth).
   886 | D:2      | Reached XP level 3. HP: 23/23 MP: 3/3
  1096 | D:2      | 1096 ||| Stepping ~*~*~tactically~*~*~ (stealth).
  1099 | D:2      | 1099 ||| Stepping ~*~*~tactically~*~*~ (hiding).
  1100 | D:2      | 1100 ||| Stepping ~*~*~tactically~*~*~ (hiding).
  1233 | D:2      | Reached XP level 4. HP: 28/28 MP: 4/4
  1287 | D:2      | 1287 ||| UPGRADING to +0 chain mail.
  1294 | D:2      | Reached skill level 4 in Axes
  1295 | D:2      | 1295 ||| UPGRADING to +0 scale mail.
  1300 | D:2      | 1300 ||| UPGRADING to +0 chain mail.
  1310 | D:2      | 1310 ||| DROPPING +0 scale mail.
  1311 | D:2      | 1311 ||| UPGRADING to +0 pair of boots.
  1584 | D:2      | 1584 ||| DROPPING ring of wizardry.
  1585 | D:2      | 1585 ||| READING 3 scrolls labelled YLEEFO FUSASE.
  1586 | D:2      | 1586 ||| READING 2 scrolls labelled UTZUAR IPSO.
  1587 | D:2      | 1587 ||| DRINKING 2 inky potions.
  1588 | D:2      | 1588 ||| READING 2 scrolls of identify.
  1588 | D:2      | 1588 ||| IDENTIFYING emerald potion
  1589 | D:2      | 1589 ||| DROPPING 2 scrolls of noise.
  1590 | D:2      | 1590 ||| DROPPING potion of magic.
  1789 | D:3      | Reached XP level 5. HP: 32/32 MP: 5/5
  1805 | D:3      | 1805 ||| DROPPING +0 club.
  1934 | D:3      | 1934 ||| Stepping ~*~*~tactically~*~*~ (water).
  2082 | D:3      | 2082 ||| Stepping ~*~*~tactically~*~*~ (stealth).
  2084 | D:3      | 2084 ||| DROPPING +0 whip.
  2259 | D:3      | 2259 ||| UPGRADING to +4 ring of protection.
  2261 | D:3      | 2261 ||| DROPPING ring of positive energy.
  2262 | D:3      | 2262 ||| READING scroll labelled ZAFOPS ASUACUZ.
  2263 | D:3      | 2263 ||| READING scroll labelled FICWOH LUNAT.
  2264 | D:3      | 2264 ||| READING scroll labelled GAUNIY EHAARYBB.
  2291 | D:4      | 2291 ||| PLANNING SEWER
  2324 | D:4      | Reached skill level 5 in Axes
  2324 | D:4      | Reached XP level 6. HP: 13/37 MP: 6/6
  2347 | D:4      | 2347 ||| FLEEEEING.
  2348 | D:4      | 2348 ||| FLEEEEING.
  2349 | D:4      | 2349 ||| FLEEEEING.
  2350 | D:4      | 2350 ||| FLEEEEING.
  2351 | D:4      | 2351 ||| FLEEEEING.
  2352 | D:4      | 2352 ||| Stepping ~*~*~tactically~*~*~ (stealth).
  2521 | D:4      | 2521 ||| Stepping ~*~*~tactically~*~*~ (hiding).
  2626 | D:4      | Found a sparkling altar of Nemelex Xobeh.
  2683 | D:4      | Found a glowing drain.
  2684 | D:4      | 2684 ||| READING scroll labelled ETTI GISTAEN.
  2689 | Sewer    | Entered a sewer
  2787 | Sewer    | Noticed Pargi
  2809 | Sewer    | Killed Pargi
  2925 | Sewer    | 2925 ||| READING scroll labelled NOLIUB EMEVIUF.
  2926 | Sewer    | 2926 ||| READING scroll labelled TUNTYA LUOLUMN.
  2927 | Sewer    | 2927 ||| DRINKING 2 orange potions.
  2928 | Sewer    | 2928 ||| DRINKING 2 metallic red potions.
  2929 | Sewer    | 2929 ||| DROPPING potion of invisibility.
  2943 | D:4      | 2943 ||| PLANNING D:1-11
  3011 | D:4      | Found a glowing golden altar of the Shining One.
  3012 | D:4      | Found a stormy altar of Qazlal.
  3021 | D:4      | Found a burning altar of Makhleb.
  3054 | D:4      | 3054 ||| Stepping ~*~*~tactically~*~*~ (stealth).
  3055 | D:4      | 3055 ||| Stepping ~*~*~tactically~*~*~ (stealth).
  3145 | D:4      | Reached XP level 7. HP: 37/44 MP: 7/7
  3207 | D:4      | HP: 10/44 [iguana (5)]
  3208 | D:4      | Reached skill level 6 in Axes
  3208 | D:4      | 3208 ||| DRINKING potion of heal wounds.
  3544 | D:4      | Found a white marble altar of Elyvilon.
  3575 | D:4      | 3575 ||| READING 2 scrolls of identify.
  3575 | D:4      | 3575 ||| IDENTIFYING cyan potion
  3576 | D:4      | 3576 ||| DROPPING potion of degeneration.
  3619 | D:5      | Entered Level 5 of the Dungeon
  3628 | D:5      | Reached skill level 1 in Dodging
  3634 | D:5      | HP: 10/44 [phantom (2)]
  3640 | D:5      | HP: 5/44 [gnoll/+0 spear (6)]
  3642 | D:5      | Slain by a gnoll

Levels and vault maps discovered:
D:1:      scummos_arrival_gate, layout_rooms, basic_ecumenical_altar
D:2:      layout_loops_cross, minmay_heptomino_o4
D:3:      layout_rooms, nicolae_kite_square_tiling_tiny, serial_bayou_pond_a,
          lemuel_old_faithful
D:4:      layout_rooms, makhleb_blood_cavern_becter,
          mainiacjoe_overflow_brackets, gammafunk_temple_overflow_forgotten,
          portal_sewer_entry_e, nicolae_grassy_gnolls
D:5:      due_chaos_kobolds, layout_basic, general_overflow_altar,
          minmay_temple_entry_tees, nicolae_wooded_promenade

Skill      XL: |  1  2  3  4  5  6  7 |
---------------+----------------------+-----
Axes           | 2 3 4 5 6 |  6.8
Throwing       | 2 |  2.3
Fighting       | 4 |  4.3
Dodging        | 1 |  1.3
Armour         | |  3.2
Shields        | |  3.2

Action                   |  1- 3 |  4- 6 |  7- 9 || total
-------------------------+-------+-------+-------++-------
Melee: War axe           |    84 |   146 |    32 ||   262
Throw: Boomerang         |       |     9 |     4 ||    13
       Javelin           |       |    13 |     8 ||    21
  Use: Scroll            |     2 |     9 |     1 ||    12
       Potion            |       |     3 |     1 ||     4
Armor: Scale mail        |    48 |     4 |       ||    52
       Chain mail        |       |   128 |    35 ||   163
       Skin              |       |     1 |       ||     1
Dodge: Dodged            |    39 |    60 |    12 ||   111
Block: Buckler           |    13 |    35 |     9 ||    57

Table legend:
 A = Non-vault XP
 B = Vault XP
 C = Vault XP percentage of total XP
 D = Non-vault monster count
 E = Vault monster count
 F = Vault count percentage of total count
                 A         B        C        D         E       F
            +---------+---------+-------+---------+---------+-------
      Total |     748 |     364 |  32.7 |      75 |      13 |  14.8
            +---------+---------+-------+---------+---------+-------
        D:1 |      30 |       0 |   0.0 |      16 |       0 |   0.0
        D:2 |      66 |       6 |   8.3 |      19 |       4 |  17.4
        D:3 |     110 |       0 |   0.0 |      20 |       0 |   0.0
        D:4 |     242 |     222 |  47.8 |      13 |       6 |  31.6
        D:5 |     300 |       0 |   0.0 |       7 |       0 |   0.0
      Sewer |       0 |     136 | 100.0 |       0 |       3 | 100.0
            +---------+---------+-------+---------+---------+-------
